 Dungeon Crawl Stone Soup version 0.19-a0-753-gae73b43 (console) character file.

105 brucemayne the Chopper (level 4, -1/34 HPs)
             Began as a Vampire Berserker on June 25, 2016.
             Was a Follower of Trog.
             Slain by a worker ant (7 damage)
             ... on level 5 of the Dungeon.
             The game lasted 00:03:09 (985 turns).

brucemayne the Chopper (Vampire Berserker)           Turns: 985, Time: 00:03:10

Health: -1/34      AC:  2    Str: 17    XL:     4   Next: 53%
Magic:  4/4        EV: 12    Int:  9    God:    Trog [*.....]
Gold:   106        SH:  0    Dex: 13    Spells: 0 memorised, 3 levels left

rFire  . . .     SeeInvis +     a - +0 hand axe
rCold  . . .     Gourm    .     b - +0 animal skin
rNeg   + . .     Faith    .     (no shield)
rPois  .         Spirit   .     (no helmet)
rElec  .         Dismiss  .     (no cloak)
rCorr  .         Reflect  .     (no gloves)
SustAt .         Harm     .     (no boots)
MR     .....                    (no amulet)
Stlth  +.........               (no ring)
                                (no ring)

@: lethally poisoned (-1 -> -4), not resistant to hostile enchantments, very
unstealthy
A: fangs 3, see invisible, unbreathing
a: Bat Form, Berserk, Burn Spellbooks, Renounce Religion


You were on level 5 of the Dungeon.
You worshipped Trog.
Trog was aware of your devotion.
You were not thirsty.

You visited 1 branch of the dungeon, and saw 6 of its levels.

You collected 106 gold pieces.

Inventory:

Hand Weapons
 a - a +0 hand axe (weapon)
Missiles
 k - 8 javelins (quivered)
Armour
 b - a +0 animal skin (worn)
Wands
 h - a wand of flame (36/48)
Scrolls
 d - a scroll of enchant weapon {unknown}
 f - a scroll of identify {unknown}
 g - a scroll of fog {unknown}
 l - a scroll of random uselessness {unknown}
Potions
 c - a potion of blood
 e - 2 potions of berserk rage {unknown}
 i - a potion of heal wounds
 j - a potion of mutation {unknown}


   Skills:
 - Level 2.6 Fighting
 + Level 4.8 Axes
 - Level 1.5 Armour
 - Level 2.1 Dodging


You had 3 spell levels left.
You didn't know any spells.

Dungeon Overview and Level Annotations

Branches:
Dungeon (6/15)
 Temple: D:4-7

Altars:
Nemelex Xobeh
Qazlal
Vehumet

Annotations:
D:4 Dowan


Innate Abilities, Weirdness & Mutations

You have razor-sharp teeth.
You have supernaturally acute eyesight. (SInv)
You can survive without breathing.


Message History

Found a stormy altar of Qazlal.
You hit the worker ant.
The worker ant is lightly wounded.
The worker ant bites you.
You completely miss the worker ant.
You bite the worker ant, but do no damage.
The worker ant is lightly wounded.
The worker ant bites you. x2
You hit the worker ant.
The worker ant is moderately wounded.
The worker ant bites you.
* * * LOW HITPOINT WARNING * * *
You are poisoned.
The worker ant poisons you!
You hit the worker ant.
The worker ant is heavily wounded.
You feel sick.
The worker ant waves its antennae.
The worker ant bites you!
You die...

#.......###........>.....
#......................##
#......................#
#...............########
#####....(......#
#...........#
#...........#
#...........##
#...@a.........
#..........###.#
#..........# #
#..........###
#............#
#............#
#######..#'#..... #..+_+
.... #..#+# )##


You could see a worker ant.

Vanquished Creatures
  3 hounds
  2 ball pythons
  2 goblins
  2 hobgoblins
  A kobold (D:1)
  A jackal zombie (D:5)
  2 rats (D:1)
13 creatures vanquished.

Notes
Turn   | Place    | Note
--------------------------------------------------------------
     0 | D:1      | brucemayne the Vampire Berserker began the quest for the Orb.
     0 | D:1      | Reached XP level 1. HP: 17/17 MP: 1/1
   294 | D:1      | Reached skill level 3 in Axes
   352 | D:2      | Found a sparkling altar of Nemelex Xobeh.
   375 | D:2      | Reached XP level 2. HP: 9/23 MP: 2/2
   511 | D:3      | Reached skill level 4 in Axes
   511 | D:3      | Reached XP level 3. HP: 12/28 MP: 3/3
   590 | D:4      | Reached XP level 4. HP: 6/34 MP: 4/4
   669 | D:4      | Noticed Dowan
   718 | D:5      | Entered Level 5 of the Dungeon
   838 | D:5      | Found a radiant altar of Vehumet.
   976 | D:5      | Found a stormy altar of Qazlal.
   985 | D:5      | Slain by a worker ant

Vault maps used:
D:1:      minmay_arrival_pointy, grunt_decor_fettered
D:2:      old_standard_altar, first_bread, ecumenical_altar_1,
          grunt_ministairs_9
D:3:      grunt_temple_overflow_order_and_chaos_1, dancing_weapons_uskayaw
D:4:      lemuel_doored_altar, uniq_duvessa
D:5:      kennysheep_mini, vehumet_altar_wand_db, kennysheep_mini_moat,
          lemuel_blue_sif_altar, nicolae_overflow_crystal_walls, uniq_eustachio
D:6:      kiku_gazebo_garden_becter, uniq_edmund

Skill      XL: |  1  2 |
---------------+-------+-----
Axes           | 3 4 |  4.8
Fighting       | |  2.6
Armour         | |  1.5
Dodging        | |  2.1

Action                   |  1- 3 |  4- 6 || total
-------------------------+-------+-------++-------
Melee: Hand axe          |    25 |    36 ||    61
       Bite              |     1 |     3 ||     4
Invok: Berserk           |     2 |     1 ||     3
  Use: Potion            |       |     4 ||     4
Armor: Animal skin       |     1 |     4 ||     5
Dodge: Dodged            |    13 |    22 ||    35
